 Dungeon Crawl Stone Soup version 0.19-a0-1837-gdfe47cf (webtiles) character file.

481 JeffiDaFish the Sneak (level 6, 0/46 HPs)
             Began as a Vampire Enchanter on Oct 9, 2016.
             Slain by a centaur skeleton (6 damage)
             ... on level 4 of the Dungeon.
             The game lasted 00:16:51 (3760 turns).

JeffiDaFish the Sneak (Vampire Enchanter)           Turns: 3760, Time: 00:16:52

Health: 0/46       AC:  7    Str:  8 (9)  XL:     6   Next: 87%
Magic:  10/10      EV: 13    Int: 17      God:
Gold:   164        SH:  0    Dex: 13 (15) Spells: 3 memorised, 5 levels left

rFire  . . .     SeeInvis +     a - +2 dagger
rCold  . . .     Gourm    .     b - +2 robe
rNeg   + . .     Faith    .     (no shield)
rPois  .         Spirit   .     (no helmet)
rElec  .         Dismiss  .     i - +2 cloak
rCorr  +         Reflect  .     (no gloves)
MR     .....     Harm     .     (no boots)
Stlth  +++.......               f - amulet of regeneration
                                (no ring)
                                m - ring of resist corrosion

@: lethally poisoned (0 -> -1)
A: fangs 3, see invisible, unbreathing
a: Bat Form


You were on level 4 of the Dungeon.
You were not thirsty.

You visited 1 branch of the dungeon, and saw 4 of its levels.

You collected 164 gold pieces.

Inventory:

Hand Weapons
 a - a +2 dagger (weapon)
Armour
 b - a +2 robe (worn)
 i - a +2 cloak (worn)
Jewellery
 f - an amulet of regeneration (around neck)
 m - a ring of resist corrosion (left hand)
Scrolls
 e - a scroll of blinking
 g - 2 scrolls of enchant armour
 h - a scroll of remove curse
 j - 2 scrolls of identify
 l - a scroll of amnesia
Potions
 d - 30 potions of blood
 k - 2 potions of ambrosia
Books
 c - a book of Maledictions

   Spells                             Type                      Level
   a - Corona                         Hexes                        1
   b - Ensorcelled Hibernation        Hexes/Ice                    2
   c - Confuse                        Hexes                        3
   d - Tukima's Dance                 Hexes                        3
   e - Dazzling Spray                 Conjuration/Hexes            3


   Skills:
 * Level 2.9 Fighting
 + Level 2.7 Short Blades
 + Level 3.4 Dodging
 + Level 6.4 Stealth
 + Level 3.0 Spellcasting
 + Level 6.0 Hexes
 + Level 1.6 Ice Magic


You had 5 spell levels left.
You knew the following spells:

 Your Spells              Type           Power        Failure   Level  Hunger
a - Corona                Hex            ###....      1%          1    None
b - Ensorcelled Hibernat  Hex/Ice        ###...       6%          2    ##.....
c - Confuse               Hex            ###.....     6%          3    ###....


Dungeon Overview and Level Annotations

Branches:
Dungeon (4/15)
 Temple: D:4-7

Altars:
Ashenzari
Qazlal


Innate Abilities, Weirdness & Mutations

You have razor-sharp teeth.
You have supernaturally acute eyesight. (SInv)
You can survive without breathing.


Message History

You hit the centaur skeleton.
The centaur skeleton is moderately damaged.
The centaur skeleton hits you.
* * * LOW HITPOINT WARNING * * *
You are too injured to fight recklessly!
You are too injured to fight recklessly!
You hit the centaur skeleton.
The centaur skeleton is heavily damaged.
You feel sick. The centaur skeleton hits you.
* * * LOW HITPOINT WARNING * * *
You hit the centaur skeleton.
The centaur skeleton is heavily damaged.
The centaur skeleton hits you but does no damage.
You hit the centaur skeleton.
The centaur skeleton is severely damaged.
You feel sick. The centaur skeleton barely misses you.
You hit the centaur skeleton.
The centaur skeleton is severely damaged.
The centaur skeleton hits you.
You die...

#.# ######.####
#+# #.%.......#
#.####.##.#
##..##.# #
##..###.#
#.#.....#.######
.................
###...#.#########
#....@# #.##Z%#
#..# #..# ...#
##.## #. ..


You could see a centaur skeleton.

Vanquished Creatures
  2 ogres (D:4)
  3 orc wizards
  Jessica (D:2)
  A worker ant (D:4)
  Robin (D:4)
  6 adders
  4 worms
  3 dart slugs
  A leopard gecko (D:2)
  15 orcs
  8 bats
  A giant cockroach (D:2)
  15 goblins
  6 hobgoblins
  3 quokkas
  2 frilled lizards (D:3)
  7 kobolds
  6 rats
85 creatures vanquished.

Vanquished Creatures (others)
  A goblin (D:2)
1 creature vanquished.

Grand Total: 86 creatures vanquished

Notes
Turn   | Place    | Note
-------+----------+-------------------------------------------
     0 | D:1      | JeffiDaFish the Vampire Enchanter began the quest for the Orb.
     0 | D:1      | Reached XP level 1. HP: 13/13 MP: 3/3
   313 | D:1      | Reached XP level 2. HP: 19/19 MP: 5/5
   787 | D:2      | Reached skill level 5 in Stealth
   802 | D:2      | Reached XP level 3. HP: 24/24 MP: 6/6
   829 | D:2      | Learned a level 2 spell: Ensorcelled Hibernation
   833 | D:2      | Learned a level 3 spell: Confuse
   913 | D:2      | Found a stormy altar of Qazlal.
  1105 | D:2      | Reached skill level 5 in Hexes
  1354 | D:2      | Reached skill level 1 in Fighting
  1391 | D:2      | Noticed Jessica
  1401 | D:2      | Killed Jessica
  1401 | D:2      | Reached XP level 4. HP: 25/32 MP: 1/7
  2083 | D:2      | Reached XP level 5. HP: 18/38 MP: 4/8
  2257 | D:3      | Found a shattered altar of Ashenzari.
  2400 | D:3      | Reached skill level 1 in Ice Magic
  3122 | D:4      | Noticed an ogre
  3130 | D:4      | Killed an ogre
  3130 | D:4      | Reached XP level 6. HP: 46/46 MP: 3/10
  3148 | D:4      | Noticed Robin
  3344 | D:4      | Killed Robin
  3760 | D:4      | Slain by a centaur skeleton

Vault maps used:
D:1:      dpeg_arrival_round_c
D:2:      serial_forest, infiniplex_forest_clump_double,
          infiniplex_forest_lined_2, infiniplex_forest_lined_2,
          infiniplex_forest_straight_5, infiniplex_forest_clump_small,
          first_bread, grunt_qazlal_clouds, uniq_jessica
D:3:      cheibrodos_ashenzari_chains
D:4:      st_stairs_4, lemuel_statue_altar, uniq_robin

Skill      XL: |  1  2  3  4  5  6 |
---------------+-------------------+-----
Stealth        | 5 6 |  6.4
Hexes          | 5 6 |  6.0
Fighting       | 1 2 |  2.9
Short Blades   | 2 |  2.7
Ice Magic      | 1 |  1.6
Dodging        | 3 |  3.4
Spellcasting   | 3 |  3.0

Action                   |  1- 3 |  4- 6 || total
-------------------------+-------+-------++-------
Melee: Dagger            |    80 |   245 ||   325
       Bite              |     4 |    20 ||    24
 Cast: Ensorcelled Hiber |     8 |    21 ||    29
       Confuse           |     1 |     8 ||     9
  Use: Scroll            |     8 |     3 ||    11
       Potion            |     3 |    17 ||    20
 Stab: Sleeping          |     8 |    12 ||    20
       Confused          |       |     1 ||     1
Armor: Robe              |    12 |    60 ||    72
       Skin              |       |     6 ||     6
Dodge: Dodged            |    53 |   140 ||   193
